 Dungeon Crawl Stone Soup version 0.23.2-33-g5129a83184 (webtiles) character file.

Game seed: 10782938346871115078

39 Atelerd the Magician (level 3, 0/21 HPs)
             Began as an Octopode Wizard on July 12, 2019.
             Succumbed to a kobold's poison
             ... on level 3 of the Dungeon.
             The game lasted 00:01:39 (1523 turns).

Atelerd the Magician (Octopode Wizard)              Turns: 1523, Time: 00:01:39

Health: 0/21       AC:  1    Str:  6    XL:     3   Next: 45%
Magic:  7/7        EV: 13    Int: 21    God:
Gold:   45         SH:  0    Dex: 10    Spells: 2/8 levels left

rFire    + . .     SeeInvis .   b - -1 dagger (curse)
rCold    + . .     Gourm    .   (no shield)
rNeg     . . .     Faith    .   a - +0 hat
rPois    +         Spirit   .   (no amulet)
rElec    +         Reflect  .   (no ring)
rCorr    +         Harm     .   (no ring)
MR       .....                  (no ring)
Stlth    +++.......             (no ring)
HPRegen  0.07/turn              (no ring)
MPRegen  0.10/turn              (no ring)
                                (no ring)
                                (no ring)

@: lethally poisoned (0 -> -6), resistant, very slightly contaminated
A: almost no armour, stealthy swim, amphibious, 8 rings, constrict 8, camouflage
1, gelatinous body 1
a: no special abilities


You were on level 3 of the Dungeon.
You were hungry.

You visited 1 branch of the dungeon, and saw 3 of its levels.

You collected 45 gold pieces.

Inventory:

Hand Weapons
 b - a cursed -1 dagger (weapon)
Armour
 a - a +0 hat (worn)
Scrolls
 e - a scroll of remove curse {unknown}
Potions
 f - a potion of mutation {unknown}
 h - a potion of might {unknown}
Comestibles
 c - 5 rations


   Skills:
 - Level 2.0 Dodging
 - Level 2.6 Stealth
 + Level 3.4 Spellcasting
 * Level 2.7 Conjurations
   Level 1.0 Summonings
 - Level 1.0 Translocations


You had 2 spell levels left.
You knew the following spells:

 Your Spells              Type           Power        Failure   Level  Hunger
a - Magic Dart            Conj           ###.         4%          1    None
b - Mephitic Cloud        Conj/Pois/Air  #.......     26%         3    ###....
c - Blink                 Tloc           N/A          13%         2    ##.....

Your spell library contained the following spells:

 Spells                   Type           Power        Failure   Level  Hunger
 Call Imp                 Summ           #.......     13%         2    ##.....
 Slow                     Hex            #.......     19%         2    ##.....
 Conjure Flame            Conj/Fire      #.......     22%         3    ###....


Dungeon Overview and Level Annotations

Branches:
Dungeon (3/15)

Altars:


Innate Abilities, Weirdness & Mutations

You cannot wear most types of armour.
You are very stealthy in the water. (Stealth+)
You are amphibious.
You can wear up to eight rings at the same time.
You can use your tentacles to constrict eight enemies at once.
Your skin changes colour to match your surroundings (Stealth+).
Your rubbery body absorbs attacks. (AC +1, EV +1)


Message History

The kobold shoots a poisoned needle.
The poisoned needle misses you.
You see here a stone.
The goblin shoots a stone.
The stone hits you.
You see here a stone.
The kobold shoots a poisoned needle.
The poisoned needle completely misses you.
You see here a poisoned needle.
The crimson imp hits you.
* * * LOW HITPOINT WARNING * * *
The kobold shoots a poisoned needle.
The poisoned needle hits you!
You are lethally poisoned!
* * * LOW HITPOINT WARNING * * *
You feel sick.
There is an open door here.
It was a potion of resistance.
You feel protected. The crimson imp hits you.
* * * LOW HITPOINT WARNING * * *
It was a potion of magic.
Magic courses through your body.
You die...

################
#..............#
##..............#
................#
...####'#...#####
....###.###.# ##########
.....##.#...#####........#
................@5......>#
#.#.....#.#####.#...K....#
.....#.... #.##+##r.###
.#...##.## #.##.....#
.#..###.# #.##.###.#
........# #.##.#..r#
#.#.#.#.#
........########## #.#.#.#
##+###..(..(...... ..#.. .
. +.K(.........


You could see a crimson imp, a kobold and a rat.

Vanquished Creatures
  An adder (D:3)
  An ooze (D:1)
  A giant cockroach (D:1)
  2 goblins (D:1)
  3 hobgoblins (D:1)
  2 jackals (D:1)
  A kobold (D:1)
  6 bats
  4 frilled lizards (D:1)
  4 rats
25 creatures vanquished.

Notes
Turn   | Place    | Note
-------+----------+-------------------------------------------
     0 | D:1      | Atelerd the Octopode Wizard began the quest for the Orb.
     0 | D:1      | Reached XP level 1. HP: 11/11 MP: 4/4
   283 | D:1      | Reached XP level 2. HP: 13/17 MP: 6/6
  1225 | D:1      | Reached XP level 3. HP: 21/21 MP: 1/7
  1230 | D:1      | Learned a level 3 spell: Mephitic Cloud
  1233 | D:1      | Learned a level 2 spell: Blink
  1522 | D:3      | HP: 1/21 [crimson imp (3)]
  1523 | D:3      | Succumbed to a kobold's poison

Skill      XL: |  1  2 |
---------------+-------+-----
Conjurations   | 2 |  2.7
Dodging        | |  2.0
Stealth        | |  2.6
Spellcasting   | |  3.4
Summonings     | |  1.0
Translocations | |  1.0

Action                   || total
-------------------------++-------
Melee: Unarmed           ||    11
       Dagger            ||    49
       Constrict         ||    13
       Tentacles         ||     9
 Cast: Magic Dart        ||    18
       Mephitic Cloud    ||     1
  Use: Potion            ||     2
 Stab: Sleeping          ||     5
       Confused          ||     1
  Eat: Chunk             ||     1
Armor: Skin              ||    16
Dodge: Dodged            ||    60
